 Dungeon Crawl Stone Soup version 0.26.1-11-gd32895ea62 (webtiles) character file.

Game seed: 14044387872697710915

96 jlumianski the Grasshopper (level 4, 0/38 HPs)
             Began as a Gnoll Warper on Apr 30, 2021.
             Slain by a gnoll
             ... wielding a +0 flail
              (11 damage)
             ... on level 2 of the Dungeon.
             The game lasted 00:06:03 (1075 turns).

jlumianski the Grasshopper (Gnoll Warper)           Turns: 1075, Time: 00:06:04

Health: 0/38       AC:  3    Str: 14    XL:     4   Next: 67%
Magic:  9/11       EV: 14    Int: 16    God:
Gold:   42         SH:  0    Dex: 14    Spells: 8/13 levels left

rFire    . . .     SeeInvis .   a - +0 hand axe
rCold    . . .     Faith    .   (no shield)
rNeg     . . .     Spirit   .   b - +0 leather armour
rPois    .         Reflect  .   (no helmet)
rElec    .         Harm     .   (no cloak)
rCorr    +         Rampage  .   (no gloves)
Will     .....                  (no boots)
Stlth    +.........             (no amulet)
HPRegen  0.12/turn              k - ring of resist corrosion
MPRegen  0.12/turn              (no ring)

@: no status effects
A: distributed training, fangs 1, strong nose
a: no special abilities


You were on level 2 of the Dungeon.
You visited 1 branch of the dungeon, and saw 2 of its levels.

You collected 42 gold pieces.

Inventory:

Hand Weapons
 a - a +0 hand axe (weapon)
Missiles
 e - 5 boomerangs of dispersal
 m - 42 stones
 s - a poisoned dart (quivered)
Armour
 b - a +0 leather armour (worn)
 o - a +0 ring mail
Jewellery
 k - a ring of resist corrosion (left hand)
Scrolls
 d - a scroll of blinking
 g - a scroll of random uselessness
 h - 5 scrolls of identify
 i - 2 scrolls of remove curse {unknown}
 l - a scroll of teleportation {unknown}
 n - a scroll of fear {unknown}
 q - a scroll of noise {unknown}
Potions
 c - a potion of heal wounds {unknown}
 f - a potion of flight {unknown}
 j - a potion of haste {unknown}
 p - a potion of might {unknown}
 r - a potion of attraction {unknown}


   Skills:
 + Level 4.7 Fighting
 + Level 1.2 Short Blades
 + Level 1.2 Long Blades
 + Level 4.7 Axes
 + Level 1.2 Maces & Flails
 + Level 1.2 Polearms
 + Level 1.2 Staves
 + Level 1.2 Slings
 + Level 1.2 Bows
 + Level 1.2 Crossbows
 + Level 2.8 Throwing
 + Level 2.8 Armour
 + Level 4.7 Dodging
 + Level 1.2 Stealth
 + Level 1.2 Shields
 + Level 1.2 Unarmed Combat
 + Level 5.1 Spellcasting
 + Level 1.0 Conjurations
 + Level 1.0 Hexes
 + Level 1.0 Summonings
 + Level 1.0 Necromancy
 + Level 5.5 Translocations
 + Level 1.0 Transmutations
 + Level 1.0 Fire Magic
 + Level 1.0 Ice Magic
 + Level 1.0 Air Magic
 + Level 1.0 Earth Magic
 + Level 1.0 Poison Magic
 + Level 1.3 Invocations
 + Level 1.2 Evocations


You had 8 spell levels left.
You knew the following spells:

 Your Spells              Type           Power        Failure   Level
a - Blink                 Tloc           N/A          3%          2
b - Gell's Gravitas       Tloc           10%          6%          3

Your spell library contained the following spells:

 Spells                   Type           Power        Failure   Level
 Lesser Beckoning         Tloc           10%          6%          3
 Teleport Other           Tloc           21%          6%          3
 Passage of Golubria      Tloc           N/A          19%         4


Dungeon Overview and Level Annotations

Branches:
Dungeon (2/15)

Altars:


Innate Abilities, Weirdness & Mutations

Your experience applies equally to all skills.
You have very sharp teeth.
Your uncanny sense of smell can sniff out nearby items.


Message History

Your Poison Magic skill increases to level 1!
Casting: Gell's Gravitas (dangerous; 6% risk of failure)
Confirm with . or Enter, or press ? or * to list all spells.
You blink.
A goblin comes into view. It is wielding a +0 dagger.
Found a stone staircase leading down.
Throw: 2 darts (poison)
Press: ? - help, Q - select action, (/) - cycle Shift-Dir - straight line, f - gnoll
Aim: a gnoll, wielding a +0 flail (translocational energy, 65% to hit)
You throw a poisoned dart. The poisoned dart hits the gnoll.
The gnoll is poisoned.
The goblin shouts!
A giant cockroach comes into view.
A gnoll comes into view. It is wielding a +0 whip.
The giant cockroach moves out of view.
The gnoll closely misses you.
You hit the gnoll.
The gnoll is moderately wounded.
The gnoll hits you with a +0 flail!
You die...

g. ####.# ..#.# ...#
#..# ## #..) .#
##.####.########.#.####
....(.g.(B(.g@....g...>
#.####.####.###.......
#..# #.# #####..
##'###.# ∆ #......#
#......# #......#
#......# #......#


You could see 2 gnolls, a giant cockroach and a goblin.

Vanquished Creatures
  Jessica (D:2)
  Natasha (D:2)
  An adder (D:2)
  3 leopard geckos
  7 bats
  2 giant cockroaches
  6 goblins
  A hobgoblin (D:1)
  4 jackals (D:1)
  2 kobolds (D:1)
  2 frilled lizards (D:1)
30 creatures vanquished.

Vanquished Creatures (others)
  3 plants (D:1)
3 creatures vanquished.

Grand Total: 33 creatures vanquished

Notes
Turn   | Place    | Note
-------+----------+-------------------------------------------
     0 | D:1      | jlumianski the Gnoll Warper began the quest for the Orb.
     0 | D:1      | Reached XP level 1. HP: 20/20 MP: 6/6
    91 | D:1      | Reached XP level 2. HP: 26/26 MP: 7/7
   261 | D:1      | Reached XP level 3. HP: 28/31 MP: 9/9
   264 | D:1      | Learned a level 2 spell: Blink
   268 | D:1      | Learned a level 3 spell: Gell's Gravitas
   337 | D:1      | Reached skill level 5 in Spellcasting
   859 | D:2      | Noticed Natasha
   874 | D:2      | Killed Natasha
   875 | D:2      | Reached skill level 1 in Short Blades
   875 | D:2      | Reached skill level 1 in Long Blades
   875 | D:2      | Reached skill level 1 in Maces & Flails
   875 | D:2      | Reached skill level 1 in Polearms
   875 | D:2      | Reached skill level 1 in Staves
   875 | D:2      | Reached skill level 1 in Slings
   875 | D:2      | Reached skill level 1 in Bows
   875 | D:2      | Reached skill level 1 in Crossbows
   875 | D:2      | Reached skill level 1 in Stealth
   875 | D:2      | Reached skill level 1 in Shields
   875 | D:2      | Reached skill level 1 in Unarmed Combat
   875 | D:2      | Reached skill level 1 in Invocations
   875 | D:2      | Reached skill level 1 in Evocations
   875 | D:2      | Reached XP level 4. HP: 38/38 MP: 11/11
  1054 | D:2      | Noticed Jessica
  1070 | D:2      | Killed Jessica
  1071 | D:2      | Reached skill level 1 in Conjurations
  1071 | D:2      | Reached skill level 1 in Hexes
  1071 | D:2      | Reached skill level 1 in Summonings
  1071 | D:2      | Reached skill level 1 in Necromancy
  1071 | D:2      | Reached skill level 1 in Transmutations
  1071 | D:2      | Reached skill level 1 in Fire Magic
  1071 | D:2      | Reached skill level 1 in Ice Magic
  1071 | D:2      | Reached skill level 1 in Air Magic
  1071 | D:2      | Reached skill level 1 in Earth Magic
  1071 | D:2      | Reached skill level 1 in Poison Magic
  1075 | D:2      | Slain by a gnoll

Illustrated notes

Levels and vault maps discovered:
D:1:      tarquinn_simple_flora_water_d, layout_rooms, serial_bayou_pond_a
D:2:      layout_basic, chequers_serial_rivers_marsh, uniq_natasha, uniq_jessica

Skill      XL: |  1  2  3  4 |
---------------+-------------+-----
Spellcasting   | 5 |  5.1
Short Blades   | 1 |  1.2
Long Blades    | 1 |  1.2
Maces & Flails | 1 |  1.2
Polearms       | 1 |  1.2
Staves         | 1 |  1.2
Slings         | 1 |  1.2
Bows           | 1 |  1.2
Crossbows      | 1 |  1.2
Stealth        | 1 |  1.2
Shields        | 1 |  1.2
Unarmed Combat | 1 |  1.2
Invocations    | 1 |  1.3
Evocations     | 1 |  1.2
Conjurations   | 1 |  1.0
Hexes          | 1 |  1.0
Summonings     | 1 |  1.0
Necromancy     | 1 |  1.0
Transmutations | 1 |  1.0
Fire Magic     | 1 |  1.0
Ice Magic      | 1 |  1.0
Air Magic      | 1 |  1.0
Earth Magic    | 1 |  1.0
Poison Magic   | 1 |  1.0
Fighting       | |  4.7
Axes           | |  4.7
Throwing       | |  2.8
Armour         | |  2.8
Dodging        | |  4.7
Translocations | |  5.5

Action                   |  1- 3 |  4- 6 || total
-------------------------+-------+-------++-------
Melee: Hand axe          |    82 |    14 ||    96
       Bite              |     5 |     3 ||     8
Throw: Dart              |       |     8 ||     8
 Cast: Blink             |       |     1 ||     1
       Gell's Gravitas   |       |     1 ||     1
  Use: Scroll            |     2 |       ||     2
Armor: Leather armour    |    36 |     1 ||    37
Dodge: Dodged            |    92 |     8 ||   100
